 Dungeon Crawl Stone Soup version 0.14-a0-1192-g192f278 (webtiles) character file.

2048 Jenx the Basher (level 9, -3/80 HPs)
             Began as a Troll Monk on Dec 1, 2013.
             Was a Believer of Makhleb.
             Slain by Jenx's ghost (16 damage)
             ... on Level 7 of the Dungeon.
             The game lasted 00:18:50 (5671 turns).

Jenx the Basher (Troll Monk)                        Turns: 5671, Time: 00:18:50

HP  -3/80        AC  7     Str 21      XL: 9   Next:  1%
MP   4/4         EV  9     Int  9      God: Makhleb [**....]
Gold 56          SH  0     Dex 12      Spells:  0 memorised,  8 levels left

rFire  . . .     SeeInvis .     a - +0 giant club
rCold  . . .     Clarity  .     t - +2 robe
rNeg   . . .     Conserve .     (shield restricted)
rPois  .         rCorr    .     (helmet restricted)
rElec  .         rRot     .     (no cloak)
SustAb . .       Spirit   .     (gloves unavailable)
rMut   .         Warding  .     (boots unavailable)
Gourm  +         Stasis   .     (no amulet)
                                (no ring)
                                H - ring of sustenance

@: heavily drained, slightly resistant to hostile enchantments, unstealthy
A: unfitting armour, claws 3, fast metabolism 3, gourmand, regeneration 2,
saprovore 2, shaggy fur 1, tough skin 2
a: Minor Destruction, Renounce Religion


You were on level 7 of the Dungeon.
You worshipped Makhleb.
Makhleb was pleased with you.
You were very full.

You visited 2 branches of the dungeon, and saw 8 of its levels.

You collected 336 gold pieces.
You spent 280 gold pieces at shops.

Inventory:

Hand weapons
 a - a +0,+0 giant club (weapon)
 c - a +0,+0 mace
 v - a +1,+2 orcish flail of draining
 I - a +1,+2 vampiric whip
Missiles
 y - a javelin (quivered)
Armour
 t - a +2 robe (worn)
Magical devices
 p - a wand of confusion (10)
Comestibles
 b - 4 meat rations
 l - 2 bread rations
 E - 2 chunks of centaur flesh
Scrolls
 d - 2 scrolls of enchant armour
 e - 2 scrolls of enchant weapon I {unknown}
 f - a scroll of noise {unknown}
 g - 4 scrolls of remove curse
 i - 5 scrolls of identify
 k - a scroll of curse jewellery {unknown}
 m - 2 scrolls of enchant weapon II {unknown}
 n - a scroll of immolation {unknown}
 o - a scroll of magic mapping {unknown}
 q - 2 scrolls of blinking {unknown}
 s - a scroll of recharging {unknown}
 u - 3 scrolls of curse armour {unknown}
 w - a scroll of random uselessness {unknown}
 z - a scroll of curse weapon {unknown}
 B - a scroll of fear {unknown}
 D - a scroll of fog {unknown}
Jewellery
 x - an uncursed ring of fire
 H - a ring of sustenance (left claw)
Potions
 h - a potion of berserk rage {unknown}
 r - a potion of invisibility
 A - 3 potions of might {unknown}
 C - a potion of magic {unknown}
 G - 2 potions of agility {unknown}
Books
 F - a book of Minor Magic

   Spells                             Type                      Level
   Magic Dart                         Conjuration                  1
   Blink                              Translocation                2
   Call Imp                           Summoning                    2
   Repel Missiles                     Charms/Air                   2
   Slow                               Hexes                        2
   Conjure Flame                      Conjuration/Fire             3
   Mephitic Cloud                     Conjuration/Poison/Air       3


   Skills:
 - Level 2.4(0.7) Fighting
 * Level 8.3(6.3) Maces & Flails
 - Level 2.4(0.7) Dodging
 - Level 1.1(0.0) Stealth
 - Level 8.2(6.2) Unarmed Combat
 + Level 1.1(0.0) Invocations


You had 8 spell levels left.
You didn't know any spells.

Dungeon Overview and Level Annotations

Branches:
Dungeon (7/16)             Temple (1/1) D:7

Altars:
Ashenzari
Cheibriados
Elyvilon
Fedhas
Kikubaaqudgha
Makhleb
Nemelex Xobeh
Okawaru
Sif Muna
Trog
Vehumet
Xom
Yredelemnul
Zin
the Shining One

Shops:
D:7 =

Annotations:
D:7 Jenx's ghost, experienced TrMo


Innate Abilities, Weirdness & Mutations

You are too large for most types of armour.
You have claws for hands.
Your metabolism is lightning-fast.
You like to eat raw meat.
You heal very quickly.
You can eat rotten meat.
You are covered in fur (AC +1).
You have very tough skin (AC +2).


Message History

* * * LOW HITPOINT WARNING * * *
You barely miss Jenx's ghost.
Jenx's ghost is heavily damaged.
Jenx's ghost says, "You must not succeed where I failed!"
Jenx's ghost barely misses you. Jenx's ghost hits you!
* * * LOW HITPOINT WARNING * * *
You closely miss Jenx's ghost.
Jenx's ghost is heavily damaged.
Jenx's ghost hits you!
* * * LOW HITPOINT WARNING * * *
Drink which item? (? for menu, Esc to quit)
You feel much better.
Jenx's ghost screams, "I'll kill anyone who wants the ORB!"
Jenx's ghost barely misses you.
You barely miss Jenx's ghost.
Jenx's ghost is heavily damaged.
Jenx's ghost hits you!
* * * LOW HITPOINT WARNING * * *
Jenx's ghost hits you!
You die...

################
#..............#
#............<.#
#..............#
#..............# #####
#......p.......# #..<.
#.......@......######.###
#..............'......#
#..............########
##'#############
#...##### ###.....#
####### #####.########
#...... #...........#
#......
#...........###......


You could see Jenx's ghost.

Vanquished Creatures
  Grinder (D:3)
  The ghost of kuzmorgo the Magician, an experienced DEWz of Vehumet (D:6)
  The ghost of bronies4ever the Covered, an average FoFi (D:4)
  Menkaure (D:7)
  A yellow wasp (D:7)
  A sky beast (D:7)
  A black bear (D:6)
  An ogre (D:5)
  2 centaurs
  3 crimson imps
  3 orc priests
  2 scorpions (D:4)
  4 iguanas
  An orc wizard (D:6)
  5 worker ants
  Jessica (D:3)
  2 hound zombies
  6 adders
  A giant mite (D:1)
  6 worms
  2 giant eyeballs (D:4)
  9 giant geckos
  An ooze (D:2)
  6 orcs
  9 bats
  10 goblins
  9 hobgoblins
  14 jackals
  2 quokkas
  A ball python (D:2)
  A giant gecko skeleton (D:5)
  8 giant newts
  A hobgoblin skeleton (D:7)
  15 kobolds
  2 kobold skeletons
  13 rats
  2 rat skeletons (D:5)
149 creatures vanquished.

Notes
Turn   | Place    | Note
--------------------------------------------------------------
     0 | D:1      | Jenx, the Troll Monk, began the quest for the Orb.
     0 | D:1      | Reached XP level 1. HP: 20/20 MP: 0/0
   121 | D:1      | Reached XP level 2. HP: 28/28 MP: 0/0
   779 | D:2      | Reached XP level 3. HP: 35/35 MP: 1/1
   794 | D:2      | Reached skill level 1 in Maces & Flails
   827 | D:2      | Reached skill level 5 in Unarmed Combat
  1195 | D:2      | Reached XP level 4. HP: 38/44 MP: 1/1
  1419 | D:3      | Noticed Jessica
  1423 | D:3      | Killed Jessica
  1477 | D:3      | Noticed Grinder
  1493 | D:3      | Killed Grinder
  1493 | D:3      | Reached skill level 6 in Unarmed Combat
  1493 | D:3      | Reached XP level 5. HP: 20/50 MP: 1/1
  1493 | D:3      | Reached XP level 6. HP: 23/58 MP: 2/2
  2163 | D:4      | Noticed bronies4ever's ghost (average FoFi)
  2182 | D:4      | Killed bronies4ever's ghost
  2182 | D:4      | Reached skill level 7 in Unarmed Combat
  2182 | D:4      | Reached XP level 7. HP: 28/66 MP: 2/2
  2376 | D:4      | Paralysed by a giant eyeball for 4 turns
  3015 | D:5      | Entered Level 5 of the Dungeon
  3083 | D:5      | Reached skill level 8 in Unarmed Combat
  3094 | D:5      | Reached skill level 5 in Maces & Flails
  3195 | D:5      | Reached XP level 8. HP: 74/74 MP: 2/2
  4167 | D:6      | Noticed kuzmorgo's ghost (experienced DEWz)
  4180 | D:6      | Killed kuzmorgo's ghost
  4773 | D:7      | Paralysed by a yellow wasp for 1 turns
  4776 | D:7      | HP: 1/74 [yellow wasp (11)]
  5031 | D:7      | Noticed Jenx's ghost (experienced TrMo)
  5239 | D:7      | Found a staircase to the Ecumenical Temple.
  5251 | Temple   | Entered the Ecumenical Temple
  5376 | Temple   | Became a worshipper of Makhleb the Destroyer
  5376 | Temple   | Acquired Makhleb's first power
  5376 | Temple   | Acquired Makhleb's second power
  5594 | D:7      | Found Groapp's Jewellery Boutique.
  5598 | D:7      | Noticed Menkaure
  5603 | D:7      | Killed Menkaure
  5611 | D:7      | Reached skill level 1 in Invocations
  5611 | D:7      | Reached XP level 9. HP: 68/80 MP: 2/4
  5621 | D:7      | Bought an uncursed ring of sustenance for 280 gold pieces
  5671 | D:7      | Slain by Jenx's ghost

Action                   |  1- 3 |  4- 6 |  7- 9 || total
-------------------------+-------+-------+-------++-------
Melee: Unarmed           |   101 |   113 |    87 ||   301
       Giant club        |       |       |   213 ||   213
Throw: Javelin           |       |     3 |     4 ||     7
Invok: Minor Destruction |       |       |     1 ||     1
Evoke: Wand              |       |       |     1 ||     1
  Use: Scroll            |       |     2 |     7 ||     9
       Potion            |       |       |     7 ||     7
 Stab: Sleeping          |     1 |     1 |     3 ||     5
